 Dungeon Crawl Stone Soup version 0.30-a0-639-g3916f1956a (webtiles) character file.

Game seed: 8367545890935922848

554 mampy3000 the Chopper (level 7, 0/61 HPs)
             Began as a Minotaur Berserker on Jan 15, 2023.
             Was a Priest of Trog.
             Slain by a gnoll
             ... wielding a +0 flail
              (1 damage)
             ... on level 7 of the Dungeon.
             The game lasted 00:06:58 (3718 turns).

mampy3000 the Chopper (Minotaur Berserker)          Turns: 3718, Time: 00:06:59

Health: 0/61       AC: 11    Str: 22    XL:     7   Next: 8%
Magic:  6/6        EV:  9    Int:  4    God:    Trog [***...]
Gold:   94         SH:  0    Dex: 11    Spells: 6/6 levels left

rFire   . . .      SeeInvis .    a - +0 hand axe
rCold   . . .      Faith    .    (no shield)
rNeg    . . .      Spirit   .    k - +0 chain mail
rPois   .          Reflect  .    (helmet restricted)
rElec   .          Harm     .    (no cloak)
rCorr   .          Rampage  .    (no gloves)
Will    .....                    c - +1 pair of boots Stlth
                                 (no amulet)
HPRegen 0.30/turn                (no ring)
MPRegen 0.10/turn                (no ring)

@: lethally poisoned (0 -> -6), slowed, very slow
A: horns 2, retaliatory headbutt
a: Renounce Religion, Berserk, Trog's Hand


You were on level 7 of the Dungeon.
You worshipped Trog.
Trog was most pleased with you.
You visited 1 branch of the dungeon, and saw 5 of its levels.

You collected 224 gold pieces.
You spent 130 gold pieces at shops.

Inventory:

Hand Weapons
 a - a +0 hand axe (weapon)
Armour
 b - a +0 animal skin
 c - a +1 pair of boots (worn)
 h - a +0 ring mail
 k - a +0 chain mail (worn)
Jewellery
 m - a ring of fire
 q - a +6 ring of intelligence
Scrolls
 e - a scroll of teleportation {unknown}
 i - 4 scrolls of identify
 j - a scroll of enchant weapon {unknown}
 n - a scroll of fog
 p - 2 scrolls of blinking
Potions
 d - 5 potions of flight
 f - 2 potions of curing {unknown}
 g - 3 potions of heal wounds
 l - 2 potions of brilliance {unknown}
 o - a potion of might {unknown}


   Skills:
 + Level 5.2 Fighting
 + Level 7.0 Axes
 + Level 4.5 Armour
 + Level 3.5 Dodging
 + Level 1.3 Stealth


You had 6 spell levels left.
You didn't know any spells.
Your spell library was empty.

Dungeon Overview and Level Annotations

Branches:
Dungeon (7/15)
 Temple: D:4-7

Altars:

Shops:
D:7 !


Innate Abilities, Weirdness & Mutations

You have a pair of horns on your head.
You reflexively headbutt those who attack you in melee.


Message History

The kobold attacks as you move away! The kobold hits you but does no damage.
You feel very sick.
You slash the kobold!
You kill the kobold!
Trog accepts your kill.
You feel sick.
The kobold brigand throws a curare-tipped dart.
The curare-tipped dart hits you.
You are more poisoned.
You have difficulty breathing.
You feel as though you will be slow longer.
You feel very sick.
A kobold comes into view. It is wielding a +0 dagger.
The kobold hits you but does no damage. The gnoll barely misses you.
A kobold comes into view. It is wielding a +0 whip.
A gnoll comes into view. It is wielding a +0 spear.
A howler monkey comes into view.
You see here a +0 club.
The howler monkey howls!
You hit the gnoll.
The gnoll is heavily wounded.
You barely miss the gnoll. You hit the kobold.
You feel very sick. The gnoll barely misses you.
The gnoll hits you with a +0 flail!
* * * LOW HITPOINT WARNING * * *
You completely miss the gnoll. Your headbutt misses the gnoll.
The gnoll is heavily wounded.
You slash the gnoll! You barely miss the kobold brigand.
* * * LOW HITPOINT WARNING * * *
You feel very sick.
A kobold comes into view. It is wielding a +0 club.
The gnoll hits you with a +0 flail.
* * * LOW HITPOINT WARNING * * *
A gnoll comes into view. It is wielding a +0 spear.
The gnoll hits you with a +0 spear.
* * * LOW HITPOINT WARNING * * *
The gnoll hits you with a +0 spear.
* * * LOW HITPOINT WARNING * * *
The kobold brigand barely misses you. The gnoll hits you with a +0 flail.
You die...

.... ##..... #..#
#.....###.......##..
................##8#
......#.........##.####
......##..##....8.∩.8.#
......#...[.....##<...#
.?..K...##........8.###
..K.K.KK##..........#.#
......Kg@...............
#.../..#g......#.........
....g.##.......##....#...
....h# ##..............##
..... #....#.#........#
.g.. ......###.....#...
.... .....#.# .>...#...
... ..####.. .......
.......


You could see a kobold brigand, a howler monkey, 4 gnolls and 5 kobolds.

Vanquished Creatures
  A black bear (D:4)
  A scorpion (D:4)
  2 howler monkeys (D:4)
  2 hounds
  Natasha (twice) (D:4)
  2 iguanas
  Robin (D:2)
  A gnoll (D:3)
  5 adders
  2 worms (D:3)
  4 dart slugs
  9 ball pythons
  10 bats
  9 endoplasms
  5 giant cockroaches
  10 goblins
  6 hobgoblins
  5 jackals (D:1)
  4 quokkas
  2 frilled lizards (D:1)
  6 kobolds
  12 rats
101 creatures vanquished.

Notes
Turn   | Place    | Note
-------+----------+-------------------------------------------
     0 | D:1      | mampy3000 the Minotaur Berserker began the quest for the
                  | Orb.
     0 | D:1      | Reached XP level 1. HP: 19/19 MP: 0/0
   154 | D:1      | Reached skill level 4 in Axes
   154 | D:1      | Reached XP level 2. HP: 24/27 MP: 1/1
   453 | D:1      | Reached ** piety under Trog
   475 | D:1      | Found a faded altar of an unknown god.
   489 | D:1      | Reached XP level 3. HP: 33/33 MP: 2/2
   965 | D:2      | Reached XP level 4. HP: 40/40 MP: 3/3
  1362 | D:2      | Noticed Robin
  1366 | D:2      | Reached skill level 5 in Axes
  1373 | D:2      | Killed Robin
  1703 | D:3      | Reached skill level 1 in Stealth
  1743 | D:3      | Reached XP level 5. HP: 47/47 MP: 4/4
  1841 | D:3      | Reached *** piety under Trog
  2886 | D:4      | Noticed a black bear
  2895 | D:4      | Reached skill level 6 in Axes
  2898 | D:4      | Killed a black bear
  2899 | D:4      | Reached XP level 6. HP: 55/55 MP: 5/5
  2900 | D:4      | Reached skill level 5 in Fighting
  3421 | D:4      | Noticed Natasha
  3427 | D:4      | Killed Natasha
  3428 | D:4      | Reached skill level 7 in Axes
  3432 | D:4      | Reached XP level 7. HP: 57/61 MP: 6/6
  3505 | D:4      | Noticed Natasha
  3511 | D:4      | Killed Natasha
  3694 | D:4      | You fall into a shaft and drop 3 floors!
  3694 | D:7      | Found Xuadd's Distillery.
  3696 | D:7      | Bought a potion of heal wounds for 65 gold pieces
  3696 | D:7      | Bought a potion of heal wounds for 65 gold pieces
  3718 | D:7      | HP: 3/61 [gnoll/+0 spear (4)]
  3718 | D:7      | HP: 1/61 [gnoll/+0 spear (2)]
  3718 | D:7      | Slain by a gnoll

Illustrated notes

Levels and vault maps discovered:
D:1:      wheals_arrival_linesprint, layout_basic, basic_ecumenical_altar,
          st_stairs_5
D:2:      layout_basic, skrybe_limestone_x, minmay_distorted, uniq_robin
D:3:      minmay_bubble_buster, layout_loops_ring, kennysheep_donut
D:4:      layout_cave_pods, uniq_natasha
D:7:      layout_cave_pools, serial_shops, nicolae_shop_statue_plus

Skill      XL: |  1  2  3  4  5  6 |
---------------+-------------------+-----
Axes           | 4 5 6 7 |  7.0
Fighting       | 4 5 |  5.2
Dodging        | 3 |  3.5
Stealth        | 1 |  1.3
Armour         | 3 4 |  4.5

Action                   |  1- 3 |  4- 6 |  7- 9 || total
-------------------------+-------+-------+-------++-------
Melee: Hand axe          |    67 |   128 |     7 ||   202
       Headbutt          |    12 |    15 |     1 ||    28
       Punch             |       |     1 |       ||     1
Invok: Berserk           |       |     1 |       ||     1
  Use: Scroll            |       |     7 |       ||     7
 Stab: Sleeping          |     5 |       |       ||     5
Armor: Animal skin       |    15 |     1 |       ||    16
       Chain mail        |       |    50 |     4 ||    54
       Ring mail         |       |     3 |       ||     3
Dodge: Dodged            |    53 |    60 |     5 ||   118

Table legend: (Time is in decaauts)
 A = Elapsed time spent in this place.
 B = Non-inter-level travel time spent in this place.
 C = Inter-level travel time spent in this place.
 D = Time resting spent in this place.
 E = Time spent auto-exploring this place.
 F = Levels seen in this place.
 G = Mean time per level.
                   A        B        C        D        E       F      G
               +--------+--------+--------+--------+--------+-----+--------+
         Total |   3734 |   3494 |    240 |      0 |   2829 |   5 |  746.8 |
       Dungeon |   3734 |   3494 |    240 |      0 |   2829 |   5 |  746.8 |
               +--------+--------+--------+--------+--------+-----+--------+

Top non-repeatable levels by time:
     D:3: 1280 daAuts
     D:2: 830 daAuts
     D:4: 813 daAuts
     D:1: 785 daAuts
     D:7: 26 daAuts
